 Dungeon Crawl Stone Soup version 0.30-a0-1163-gf69bf04e7a (webtiles) character file.

Game seed: 3980224429330951497

261 Jeffwins the Stinger (level 6, -14/47 HPs)
             Began as a Human Wanderer on Apr 29, 2023.
             Demolished by Edmund
             ... wielding a +3 dire flail of holy wrath
              (22 damage)
             ... on level 3 of the Dungeon.
             The game lasted 00:05:47 (2879 turns).

Jeffwins the Stinger (Human Wanderer)               Turns: 2879, Time: 00:05:48

Health: -14/47     AC:  6    Str: 15    XL:     6   Next: 42%
Magic:  9/9        EV: 11    Int: 14    God:
Gold:   140        SH:  0    Dex: 10    Spells: 3/9 levels left

rFire   . . .        m - staff of poison
rCold   . . .        (no shield)
rNeg    + . .        i - +2 leather armour {rN+}
rPois   +            f - +0 helmet
rElec   .            (no cloak)
rCorr   .            (no gloves)
SInv    .            (no boots)
Will    .....        (no amulet)
Stlth   +            (no ring)
HPRegen 0.27/turn    (no ring)
MPRegen 0.11/turn

%: no passive effects
@: about to teleport, weak-willed
A: no striking features
a: no special abilities


You were on level 3 of the Dungeon.
You visited 1 branch of the dungeon, and saw 4 of its levels.

You collected 140 gold pieces.


   Skills:
 + Level 3.4 Fighting
 + Level 0.7 Throwing
 * Level 2.1 Spellcasting
 * Level 1.4 Conjurations
 * Level 1.8 Transmutations
 * Level 2.0 Air Magic
 * Level 1.4 Earth Magic
 * Level 4.7 Poison Magic
 + Level 2.6 Evocations


You had 3 spell levels left.
You knew the following spells:

 Your Spells              Type           Power      Damage    Failure   Level
c - Stone Arrow           Conj/Erth      10%        3d7       43%         3
x - Poisonous Vapours     Pois/Air       32%        N/A       11%         2
z - Sting                 Tmut/Pois      60%        1d6       8%          1

Your spell library contained the following spells:

 Spells                   Type           Power      Damage    Failure   Level
 Sandblast                Erth           10%        2d5       16%         1
 Passwall                 Tmut/Erth      5%         N/A       22%         2
 Slow                     Hex            4%         N/A       28%         1
 Mephitic Cloud           Conj/Pois/Air  13%        N/A       28%         3
 Momentum Strike          Conj/Tloc      6%         3d8       32%         2
 Blink                    Tloc           2%         N/A       41%         2
 Lesser Beckoning         Tloc           2%         N/A       41%         2
 Confusing Touch          Hex            1%         N/A       65%         3
 Gell's Gravitas          Tloc           1%         N/A       65%         3
 Teleport Other           Tloc           1%         N/A       65%         3
 Vampiric Draining        Necr           1%         2d6       65%         3

Inventory:

Hand Weapons
 a - a +0 flail
 p - a +0 morningstar
 s - a +1 long sword of flaming
 t - a +1 dagger of draining
 z - a +3 dagger of holy wrath
Missiles
 h - 11 poisoned darts
 r - 4 curare-tipped darts {=f}
Armour
 f - a +0 helmet (worn)
 i - a +2 leather armour of positive energy (worn)
 B - the +1 robe of Failure {rPois Dex+3 Slay-4}
   (You found it on level 3 of the Dungeon)

   Dex:       It affects your dexterity (+3).
   Slay:      It affects your accuracy & damage with ranged weapons and melee
   (-4).
   rPois:     It protects you from poison.
Magical Staves
 m - a staff of poison (weapon)
Jewellery
 O - a +4 ring of protection
Scrolls
 e - a scroll of fog
 n - 2 scrolls of amnesia
 o - 4 scrolls of identify {@r1}
Potions
 c - 2 potions of heal wounds {@q2}
 j - a potion of berserk rage {unknown}
 k - 3 potions of flight {unknown}
 l - a potion of curing {unknown}
 q - 2 potions of degeneration {unknown}
 u - a potion of lignification {unknown}
 v - a potion of ambrosia {unknown}
 w - a potion of resistance {unknown}
Miscellaneous
 b - a piece from Xom's chessboard (12/15)

Dungeon Overview and Level Annotations

Branches:
Dungeon (4/15)
 Temple: D:4-7

Altars:

Annotations:
D:3 Edmund

#..........>.##....#.#...#.####
#####.#.###...+......+...#.#
#.#.###.###......#...#.#
#.#........#'#.#####.#.#
#.#####....#.#.# #.#.# #.#
#....#.#.# #.#.#
#.#####....#.#.# #.#.#
#.##......@#.#.# #.#.####
#.##......@#.#.# #.#.....
#.##.......+.#.# #.######
#.##.......#.#.#####+#.#<..
#.##.......#...........####
#.##.......#...........#
#.#####+####...........#### #.#
#.# #...#####.#.#... #.# #.#
#...#####.#..... #.#
#.####......##.#.#.##


You could see Edmund (fast, strong, weak-willed).


Message History

Edmund hits you with a +3 dire flail of holy wrath.
You make a move on Xom's chessboard...
Edmund seems to speed up.
Edmund hits you with a +3 dire flail of holy wrath!
* * * LOW HITPOINT WARNING * * *
Unknown command.
Blink to where?
Press: ? - help, Dir - move target
As you read the scroll of blinking, it crumbles to dust.
As you read the scroll labelled IREROQOQOT, it crumbles to dust.
You hear a loud clanging noise!
It was a scroll of noise.
As you read the scroll labelled RASEUWAUSS, it crumbles to dust.
It is a scroll of enchant armour.
Your +1 leather armour of positive energy glows green for a moment.
As you read the scroll labelled SAELIS LYGEKO, it crumbles to dust.
Magic quickly surges around you.
It was a scroll of vulnerability.
As you read the scroll labelled VYLAOK INEXKUWK, it crumbles to dust.
You feel strangely unstable.
It was a scroll of teleportation.
Edmund stops glowing.
Edmund hits you with a +3 dire flail of holy wrath!
* * * LOW HITPOINT WARNING * * *
Unknown command.
You feel much better.
Edmund hits you with a +3 dire flail of holy wrath.
Unknown command.
Edmund attacks as you move away!
Edmund hits you with a +3 dire flail of holy wrath!!
* * * LOW HITPOINT WARNING * * *
Edmund hits you with a +3 dire flail of holy wrath!!
You die...

Skill      XL: |  1  2  3  4  5  6 |
---------------+-------------------+-----
Air Magic      | 1 2 |  2.0
Transmutations | 1 |  1.8
Conjurations   | 1 |  1.4
Earth Magic    | 1 |  1.4
Spellcasting   | 2 |  2.1
Fighting       | |  3.4
Throwing       | |  0.7
Poison Magic   | |  4.7
Evocations     | |  2.6

Action                     |  1- 3 |  4- 6 || total
---------------------------+-------+-------++-------
  Melee: Club              |    56 |       ||    56
         Flail             |    18 |       ||    18
         Staff             |     3 |    95 ||    98
         Punch             |       |     2 ||     2
   Cast: Sting             |    31 |    44 ||    75
         Poisonous Vapours |       |     4 ||     4
  Evoke: Piece from Xom's  |       |     5 ||     5
    Use: Scroll            |       |     7 ||     7
         Potion            |       |     1 ||     1
 Armour: Leather armour    |    47 |    55 ||   102
  Dodge: Dodged            |    84 |    85 ||   169

Levels and vault maps discovered:
D:1:      dpeg_arrival_shrine, layout_rooms, chequers_avenue
D:2:      minmay_kobold_bridge, layout_rooms
D:3:      layout_basic, minmay_misc_feat_tiny
D:4:      layout_rooms, okawaru_altar_gauntlet_db, temple_doors_ab, uniq_edmund

Notes
Turn   | Place    | Note
-------+----------+-------------------------------------------
     0 | D:1      | Jeffwins the Human Wanderer began the quest for the Orb.
     0 | D:1      | Jeffwins set off with the following items: a +0 club, a
                  | piece from Xom's chessboard (15/15), a potion of heal
                  | wounds {@q2}, a +0 leather armour, a scroll of fog; and the
                  | following spell memorised: Sting; and the following spells
                  | available to memorise: Poisonous Vapours, Mephitic Cloud.
     0 | D:1      | Reached XP level 1. HP: 18/18 MP: 2/2
   135 | D:1      | Reached XP level 2. HP: 20/24 MP: 0/3
   189 | D:1      | Reached XP level 3. HP: 16/29 MP: 0/5
   544 | D:1      | Reached skill level 1 in Air Magic
   582 | D:1      | Learned a level 3 spell: Stone Arrow
   672 | D:2      | Reached skill level 1 in Transmutations
   700 | D:2      | You fall into a shaft and drop 1 floor!
   944 | D:2      | Reached XP level 4. HP: 35/35 MP: 2/6
  1230 | D:2      | Reached XP level 5. HP: 33/41 MP: 1/7
  1434 | D:2      | Learned a level 2 spell: Poisonous Vapours
  1641 | D:3      | Noticed an ogre
  2070 | D:3      | Reached skill level 1 in Conjurations
  2135 | D:3      | Reached skill level 1 in Earth Magic
  2346 | D:3      | Identified the +1 robe of Failure {rPois Dex+3 Slay-4}
  2597 | D:3      | Killed an ogre
  2598 | D:3      | Reached skill level 2 in Spellcasting
  2598 | D:3      | Reached XP level 6. HP: 47/47 MP: 0/9
  2793 | D:4      | Noticed Edmund
  2799 | D:3      | Reached skill level 2 in Air Magic
  2877 | D:3      | HP: 1/47 [Edmund/+3 dire flail of holy wrath (16)]
  2879 | D:3      | Demolished by Edmund

Vanquished Creatures
  An ogre (D:3)
  An orc priest (D:2)
  A hound (D:3)
  4 adders
  A worm (D:2)
  5 dart slugs
  3 orcs
  3 endoplasms
  4 giant cockroaches
  A goblin (D:1)
  4 hobgoblins
  13 jackals
  7 kobolds
  4 quokkas
  3 ball pythons
  8 bats
  3 frilled lizards (D:1)
  5 rats
71 creatures vanquished.

Table legend: (Time is in decaauts)
 A = Elapsed time spent in this place.
 B = Non-inter-level travel time spent in this place.
 C = Inter-level travel time spent in this place.
 D = Time resting spent in this place.
 E = Time spent auto-exploring this place.
 F = Levels seen in this place.
 G = Mean time per level.
                   A        B        C        D        E       F      G
               +--------+--------+--------+--------+--------+-----+--------+
         Total |   2923 |   2682 |    241 |    154 |   1828 |   4 |  730.8 |
       Dungeon |   2923 |   2682 |    241 |    154 |   1828 |   4 |  730.8 |
               +--------+--------+--------+--------+--------+-----+--------+

Top non-repeatable levels by time:
     D:3: 1258 daAuts
     D:2: 771 daAuts
     D:1: 707 daAuts
     D:4: 186 daAuts

Table legend:
 A = Non-vault XP
 B = Vault XP
 C = Vault XP percentage of total XP
 D = Non-vault monster count
 E = Vault monster count
 F = Vault count percentage of total count
                 A         B        C        D         E       F
            +---------+---------+-------+---------+---------+-------
      Total |     368 |       6 |   1.6 |      67 |       4 |   5.6
            +---------+---------+-------+---------+---------+-------
        D:1 |      47 |       0 |   0.0 |      25 |       0 |   0.0
        D:2 |     115 |       6 |   5.0 |      22 |       4 |  15.4
        D:3 |     189 |       0 |   0.0 |      17 |       0 |   0.0
        D:4 |      17 |       0 |   0.0 |       3 |       0 |   0.0
            +---------+---------+-------+---------+---------+-------
